 Dungeon Crawl Stone Soup version 0.32-a0-12-g7fc57aa741 (webtiles) character file.

Game seed: 7462498041149976830

22682 anacleto the Mimic (level 12, -13/119 HPs)
             Began as a Troll Shapeshifter on Jan 14, 2024.
             Was a Priest of the Shining One.
             Mangled by Donald
             ... wielding a +0 double sword
              (32 damage)
             ... on level 2 of the Orcish Mines.
             The game lasted 00:42:46 (13767 turns).

anacleto the Mimic (Troll Shapeshifter)            Turns: 13767, Time: 00:42:47

Health: -13/119    AC:  5    Str: 32    XL:     12   Next: 65%
Magic:  14/14      EV: 10    Int:  9    God:    the Shining One [***...]
Gold:   1640       SH:  5    Dex:  7    Spells: 11/11 levels left

rFire   x .          .
                       - Unarmed
rCold   . . .        (no shield)
rNeg    + . .        U - +0 troll leather armour
rPois   .            (helmet currently unavailable)
rElec   .            R - melded scarf {repulsion}
rCorr   .            (gloves unavailable)
SInv    .            (boots unavailable)
Will    .....        G - amulet of reflection
Stlth   +            (no ring)
HPRegen 1.99/turn    (no ring)
MPRegen 0.14/turn

%: reflection
@: beast-form, glowing
A: beast (slay +4), large, unfitting armour, claws 3, regeneration 1, shaggy fur
1, tough skin 1, talons 1, clever 1, strong 1, heat vulnerability 1
a: Begin Untransformation, Renounce Religion, Divine Shield, Cleansing Flame


You were on level 2 of the Orcish Mines.
You worshipped the Shining One.
The Shining One was most pleased with you.
You were a hulking beast.
You visited 2 branches of the dungeon, and saw 14 of its levels.
You also visited: Ossuary and Bailey.

You collected 1725 gold pieces.
You spent 85 gold pieces at shops.

Inventory:

Missiles
 a - 5 atropa-tipped darts
 r - 3 throwing nets
 I - 18 poisoned darts
 K - 5 boomerangs
 O - 3 large rocks
 P - 5 javelins
Armour
 R - a scarf of repulsion (melded)
 U - a +0 troll leather armour (worn)
Jewellery
 y - a ring of see invisible
 G - an amulet of reflection (around neck)
 J - an amulet of faith
Talismans
 c - a beast talisman (active)
 d - a flux talisman
 s - a blade talisman
Wands
 w - a wand of roots (10)
 B - a wand of acid (11)
 H - a wand of mindburst (1)
 N - a wand of paralysis (5)
Scrolls
 f - 6 scrolls of enchant armour
 h - 3 scrolls of amnesia
 i - 2 scrolls of teleportation
 j - a scroll of silence
 k - 4 scrolls of immolation
 m - a scroll of noise
 p - a scroll of brand weapon {unknown}
 u - 5 scrolls of enchant weapon
 x - a scroll of fear
 z - a scroll of torment {unknown}
 A - 2 scrolls of blinking {unknown}
 C - 3 scrolls of vulnerability
 E - 2 scrolls of summoning
 L - a scroll of fog {unknown}
 Q - a scroll of identify
 T - a scroll of revelation
Potions
 b - 3 potions of resistance {unknown}
 e - 4 potions of cancellation {unknown}
 g - 3 potions of attraction
 l - 8 potions of curing
 n - 2 potions of might {unknown}
 o - 2 potions of enlightenment {unknown}
 q - 4 potions of heal wounds
 t - a potion of mutation
 v - 2 potions of magic {unknown}
 D - 2 potions of invisibility {unknown}
 F - 4 potions of haste {unknown}
 M - 2 potions of brilliance {unknown}


   Skills:
 * Level 7.8 Fighting
 + Level 5.2 Throwing
 + Level 1.1 Armour
 + Level 6.3 Dodging
 + Level 7.8 Unarmed Combat
 + Level 5.0 Invocations
 * Level 14.0 Shapeshifting


You had 11 spell levels left.
You didn't know any spells.
Your spell library contained the following spells:

 Spells                   Type           Power      Damage    Failure   Level
 Apportation              Tloc           0%         N/A       41%         1
 Freeze                   Ice            0%         1d3       41%         1
 Kiss of Death            Conj/Necr      0%         2d5       41%         1
 Necrotise                Necr           0%         1d4       41%         1
 Shock                    Conj/Air       0%         1d3       41%         1
 Sting                    Conj/Alch      0%         1d3       41%         1
 Summon Small Mammal      Summ           0%         N/A       41%         1
 Cigotuvi's Dreadful Rot  Necr/Alch/Air  0%         N/A       56%         2
 Lesser Beckoning         Tloc           0%         N/A       56%         2
 Static Discharge         Conj/Air       0%         3-3/arc   56%         2
 Confusing Touch          Hex            0%         N/A       80%         3
 Frozen Ramparts          Ice            0%         1d1       80%         3
 Gell's Gravitas          Tloc           0%         N/A       80%         3
 Hailstorm                Conj/Ice       0%         3d5       80%         3
 Summon Ice Beast         Ice/Summ       0%         N/A       80%         3
 Swiftness                Air            0%         N/A       80%         3
 Teleport Other           Tloc           0%         N/A       80%         3
 Volatile Blastmotes      Fire/Tloc      0%         2d10      80%         3
 Airstrike                Air            0%         2d(0-16)  99%         4
 Dispel Undead            Necr           0%         3d6       99%         4
 Fulminant Prism          Conj/Alch      0%         3d5       99%         4
 Ignite Poison            Fire/Alch      0%         N/A       99%         4
 Iskenderun's Mystic Bla  Conj/Tloc      0%         2d3       99%         4
 Manifold Assault         Tloc           0%         N/A       99%         4
 Summon Lightning Spire   Summ/Air       0%         N/A       99%         4
 Vhi's Electric Charge    Tloc/Air       0%         N/A       99%         4
 Arcjolt                  Conj/Air       0%         1d10      100%        5
 Freezing Cloud           Conj/Ice/Air   0%         6-21      100%        5
 Dispersal                Tloc           0%         N/A       100%        6
 Sculpt Simulacrum        Ice/Alch       0%         N/A       100%        6
 Ozocubu's Refrigeration  Ice            0%         4d7       100%        7
 Disjunction              Tloc           0%         N/A       100%        8
 Maxwell's Capacitive Co  Air            0%         ∞         100%        8
 Polar Vortex             Ice            0%         N/A       100%        9


Dungeon Overview and Level Annotations

Branches:
Dungeon (12/15)            Temple (0/1) D:6            Lair (0/5) D:9
    Orc (2/2) D:11        Ossuary (visited)          Bailey (visited)
    Elf: Orc:2

Altars:
Cheibriados
Fedhas
Kikubaaqudgha
Qazlal
Ru
Sif Muna
Vehumet
Wu Jian
Zin
The Shining One

Shops:
D:11 [   Orc:1 (

Annotations:
D:3 2 transporters
D:7 2 runed translucent doors, Lahburn's ghost, novice AtFi
D:9 3 runed translucent doors, Azoth's ghost, novice OpSh
Orc:2 Donald


Innate Abilities, Weirdness & Mutations

You are a hulking beast.
Your limbs bulge with bestial killing power. (Slay +4)
You are too large for most types of armour.
You have claws for hands.
Your natural rate of healing is unusually fast.
You are covered in fur. (AC +1)
You have tough skin. (AC +1)
You have sharp toenails.
Your mind is acute. (Int +4, Str/Dex -1)
Your muscles are strong. (Str +4, Int/Dex -1)
You are vulnerable to heat. (rF-)


Message History

Donald hits your kobold blastminer with a +0 double sword!!
Your kobold blastminer dies!
Your kobold blastminer's corpse dissolves into shadows!
Donald blocks your troll's attack. x2
Your troll claws Donald but does no damage.
Donald says, "Is it turtles all the way down?"
An orc comes into view. It is wielding a +0 dagger.
Your kobold blastminer shoots a bolt.
The bolt hits the orc wizard.
Donald says, "Hah!
I saw you coming a mile away."
The orc warlord roars a battlecry!
The orcs go into a battle-frenzy!
A troll comes into view.
The orc warrior shouts!
Your kobold blastminer shoots a bolt.
The bolt misses the orc wizard.
Donald casts a spell.
Donald seems to grow stronger.
The orc shouts!
An orc wizard and an orc come into view.
The orc shouts! x2; You hear a shout! x2
The orc attacks as it pursues you! The orc barely misses you.
The orc warlord roars a battlecry!
The orc goes into a battle-frenzy!
An orc priest comes into view. It is wielding a +0 dagger.
Donald says, "I hate haloes."
Your troll bites the orc!!
The orc dies!
Donald hits you with a +0 double sword!!!
You hear a shout!
Donald attacks as he pursues you! Donald hits you with a +0 double sword!
* * * LOW HITPOINT WARNING * * *
The orc throws a boomerang.
The boomerang closely misses you.
The orc wizard casts a spell.
The orc wizard flickers and vanishes for a moment.
An orc comes into view. It is wielding a +0 dagger.
Donald attacks as he pursues you! Donald hits you with a +0 double sword.
* * * LOW HITPOINT WARNING * * *
You block the orc warlord's attack.
Donald hits you with a +0 double sword!!
You die...
Donald says, "I won.
I... don't hate that."

o$o. ...$... ...# #....o.
####.#.## .....o.
##.#..$..# . ...$$o.
##........#.. #..$... .
##...#....$... .......
..##.$................#..
.........<...#....... ...
........h#...o#.......#..
o....o.@#o..o..#..#h.....
...o#....o..T$oo..oo.....
....o....T.......oo......
....o.#...K..............
..............o...#....$o
.##.........$..........§.
#.#.......#...).....#...
.......#....)$..........


You could see an orc warlord, Donald (fast, strong, ally target), a troll, 2 orc
warriors, 2 orc priests, an orc wizard (invisible), 4 orcs, a friendly kobold
blastminer (summoned) and a friendly troll (summoned).

Vanquished Creatures
  Erica (D:8)
  3 two-headed ogres
  An orc high priest (Orc:2)
  A deep elf pyromancer (D:10)
  3 orc knights
  A cyclops (D:11)
  2 kobold demonologists (D:11)
  3 gargoyles
  An unseen horror (D:12)
  3 trolls
  2 shadows (D:9)
  2 wraiths (D:11)
  35 yaks
  2 basilisks (D:9)
  2 wyverns
  2 steam dragons
  Menkaure (D:4)
  2 wargs (Orc:1)
  An acid dragon (D:11)
  A water moccasin (D:7)
  19 orc warriors
  A black bear (D:7)
  4 ogres
  6 centaurs
  2 phantoms (D:4)
  3 kobold brigands
  2 scorpions
  12 wights
  14 killer bees
  2 howler monkeys (D:11)
  8 orc priests
  A bombardier beetle (D:7)
  3 jellies
  2 hounds
  5 iguanas
  Ijyb (D:3)
  A sleepcap (D:7)
  12 orc wizards
  3 hound skeletons (D:4)
  8 mummies (Ossuary)
  7 gnolls
  8 adders
  2 adder skeletons (D:4)
  2 adder zombies (D:4)
  2 ribbon worms
  17 dart slugs
  55 orcs
  12 ball pythons
  13 endoplasms
  2 giant cockroaches
  7 goblins
  6 hobgoblins
  5 quokkas
  3 bats
  A frilled lizard (D:2)
  A hobgoblin zombie (Ossuary)
  25 kobolds
  4 kobold zombies (Ossuary)
  3 orc zombies (Ossuary)
  7 rats
360 creatures vanquished.

Vanquished Creatures (collateral kills)
  An orc high priest (Orc:2)
  An orc warrior (Orc:2)
  An orc (Orc:2)
3 creatures vanquished.

Grand Total: 363 creatures vanquished

Notes
Turn   | Place    | Note
-------+----------+-------------------------------------------
     0 | D:1      | anacleto the Troll Shapeshifter began the quest for the
                  | Orb.
     0 | D:1      | Reached XP level 1. HP: 18/18 MP: 0/0
   100 | D:1      | Reached skill level 1 in Fighting
   194 | D:1      | Reached XP level 2. HP: 27/27 MP: 1/1
   547 | D:2      | You fall into a shaft and drop 2 floors!
   548 | D:4      | Noticed a phantom
   548 | D:4      | Found a stormy altar of Qazlal.
   581 | D:4      | Noticed a phantom
   595 | D:4      | Killed a phantom
   596 | D:4      | Reached XP level 3. HP: 33/33 MP: 2/2
   596 | D:4      | Reached XP level 4. HP: 41/41 MP: 3/3
   602 | D:4      | Found a sand-covered staircase.
   615 | Ossuary  | Entered an ossuary
   664 | Ossuary  | Reached skill level 4 in Shapeshifting
   665 | Ossuary  | HP: 1/42 [mummy (7)]
   672 | Ossuary  | Reached XP level 5. HP: 7/49 MP: 4/4
  1136 | D:3      | Found a transporter.
  1189 | D:3      | Found a transporter.
  1248 | D:3      | Noticed Ijyb
  1262 | D:3      | Killed Ijyb
  1263 | D:3      | Reached XP level 6. HP: 49/57 MP: 5/5
  1298 | D:2      | Found an ancient bone altar of Kikubaaqudgha.
  2017 | D:2      | Found a glowing silver altar of Zin.
  2017 | D:2      | Found a radiant altar of Vehumet.
  2017 | D:2      | Found a radiant altar of Vehumet.
  2017 | D:2      | Found an ornate altar of the Wu Jian Council.
  2017 | D:2      | Found a sacrificial altar of Ru.
  2017 | D:2      | Found a shimmering blue altar of Sif Muna.
  2276 | D:3      | Found a blossoming altar of Fedhas.
  2276 | D:3      | Found a glowing golden altar of the Shining One.
  2278 | D:3      | Found a snail-covered altar of Cheibriados.
  2279 | D:3      | Found a radiant altar of Vehumet.
  2286 | D:3      | Became a worshipper of the Shining One
  2782 | D:4      | Reached skill level 5 in Shapeshifting
  2874 | D:4      | Reached XP level 7. HP: 51/66 MP: 6/6
  3297 | D:4      | Noticed Menkaure
  3308 | D:4      | Killed Menkaure
  3420 | D:4      | Reached skill level 5 in Unarmed Combat
  3472 | D:4      | Reached * piety under the Shining One
  3562 | D:5      | Entered Level 5 of the Dungeon
  3622 | D:5      | Reached skill level 6 in Shapeshifting
  4016 | D:5      | Reached XP level 8. HP: 75/75 MP: 7/7
  4875 | D:6      | Gained mutation: You occasionally lose the ability to drink
                  | potions when taking damage. [potion of mutation]
  4875 | D:6      | Gained mutation: Your magical capacity is low. (-10% MP)
                  | [potion of mutation]
  4875 | D:6      | Gained mutation: You are agile. (Dex +4, Str/Int -1)
                  | [potion of mutation]
  4875 | D:6      | Gained mutation: You passively dampen the noise of your
                  | surroundings. [potion of mutation]
  4876 | D:6      | Lost mutation: Your magical capacity is low. (-10% MP)
                  | [potion of mutation]
  4876 | D:6      | Lost mutation: You passively dampen the noise of your
                  | surroundings. [potion of mutation]
  4876 | D:6      | Gained mutation: You are vulnerable to heat. (rF-) [potion
                  | of mutation]
  4876 | D:6      | Gained mutation: Your mind is acute. (Int +4, Str/Dex -1)
                  | [potion of mutation]
  4877 | D:6      | Lost mutation: You occasionally lose the ability to drink
                  | potions when taking damage. [potion of mutation]
  4877 | D:6      | Lost mutation: You are agile. (Dex +4, Str/Int -1) [potion
                  | of mutation]
  4877 | D:6      | Gained mutation: You have sharp toenails. [potion of
                  | mutation]
  4877 | D:6      | Gained mutation: Your muscles are strong. (Str +4, Int/Dex
                  | -1) [potion of mutation]
  4888 | D:6      | Found a staircase to the Ecumenical Temple.
  5009 | D:6      | Reached skill level 1 in Throwing
  5009 | D:6      | Reached skill level 1 in Invocations
  5814 | D:7      | Found a large runed translucent door.
  5815 | D:7      | Found a large runed translucent door.
  5821 | D:7      | Noticed Lahburn's ghost (novice AtFi)
  5865 | D:7      | Found a flagged portal.
  5874 | Bailey   | Entered a bailey
  6168 | Bailey   | Reached skill level 12 in Shapeshifting
  6168 | Bailey   | Reached XP level 9. HP: 85/85 MP: 9/9
  6194 | Bailey   | Noticed an orc knight
  6245 | Bailey   | Killed an orc knight
  6246 | Bailey   | Reached XP level 10. HP: 83/94 MP: 7/10
  6331 | Bailey   | Noticed an orc knight
  6447 | Bailey   | Killed an orc knight
  6544 | Bailey   | Reached skill level 5 in Fighting
  6886 | D:7      | Noticed a two-headed ogre
  6896 | D:7      | Killed a two-headed ogre
  7965 | D:8      | Reached ** piety under the Shining One
  7968 | D:8      | Noticed Erica
  8151 | D:8      | Reached XP level 11. HP: 36/104 MP: 12/12
  8448 | D:8      | Killed Erica
  8449 | D:8      | Reached skill level 5 in Dodging
  9085 | D:9      | Reached skill level 13 in Shapeshifting
  9436 | D:9      | Found a runed translucent gate.
  9546 | D:9      | Found a runed translucent gate.
  9546 | D:9      | Found a runed translucent gate.
  9550 | D:9      | Noticed Azoth's ghost (novice OpSh)
  9551 | D:9      | Noticed a ten-headed hydra
 10128 | D:9      | Found a staircase to the Lair.
 10414 | D:10     | Entered Level 10 of the Dungeon
 10615 | D:10     | Noticed a two-headed ogre
 10625 | D:10     | Killed a two-headed ogre
 10752 | D:10     | Noticed a deep elf pyromancer
 10752 | D:10     | Reached *** piety under the Shining One
 10770 | D:10     | Killed a deep elf pyromancer
 11389 | D:11     | Reached XP level 12. HP: 93/118 MP: 14/14
 11844 | D:11     | Noticed a two-headed ogre
 11853 | D:11     | Killed a two-headed ogre
 11976 | D:11     | Identified the +0 pair of gloves of the Doldrums {rCorr}
 11994 | D:11     | Found a staircase to the Orcish Mines.
 11994 | D:11     | Found Xomiug's Armour Shoppe.
 12788 | Orc:1    | Entered Level 1 of the Orcish Mines
 12848 | Orc:1    | Reached skill level 5 in Throwing
 13185 | Orc:1    | Found Tojeb's Weapon Boutique.
 13188 | Orc:1    | Bought 2 poisoned darts for 18 gold pieces
 13188 | Orc:1    | Bought 5 atropa-tipped darts for 67 gold pieces
 13446 | Orc:2    | Entered Level 2 of the Orcish Mines
 13480 | Orc:2    | Noticed Donald
 13744 | Orc:2    | Noticed an orc high priest
 13750 | Orc:2    | Killed an orc high priest
 13751 | Orc:2    | Reached skill level 1 in Armour
 13751 | Orc:2    | Reached skill level 5 in Invocations
 13751 | Orc:2    | Reached skill level 14 in Shapeshifting
 13752 | Orc:2    | Noticed an orc high priest
 13759 | Orc:2    | Killed an orc high priest
 13759 | Orc:2    | Noticed an orc warlord
 13767 | Orc:2    | Mangled by Donald

Illustrated notes

Levels and vault maps discovered:
D:1:      onia_arrival_mini_spirals, layout_rooms
D:2:      cheibrodos_fertilizer, layout_loops_ring, basic_altar,
          minmay_misc_feat_plants, minmay_ruptured
D:3:      gammafunk_steamed_eel, layout_basic, mainiacjoe_overflow_alcove_3,
          minmay_misc_feat_secret_circle, uniq_ijyb
D:4:      layout_loops_ring, mainiacjoe_ossuary_entry_find_the_door,
          serial_glass, glass_columns_b, glass_columns_a, glass_columns_a,
          glass_columns_c, glass_columns_a, glass_columns_b, glass_columns_c,
          glass_columns_a, glass_columns_c, glass_columns_b, st_stairs_5,
          minmay_ruined_shrine, uniq_menkaure
D:5:      kennysheep_slugbush, layout_basic,
          serial_library_regret_index_branch_corner
D:6:      layout_layer_cave, minmay_temple_entry_mini_moons
D:7:      layout_basic, ebering_ghost_disaster_area, enter_bailey_6,
          nicolae_houndstooth_variations
D:8:      layout_basic, uniq_erica
D:9:      layout_small_grid, david_lair_generic, gammafunk_ghost_hydra_chop,
          minmay_misc_feat_rows
D:10:     layout_rooms
D:11:     layout_basic, orc_david_3
D:12:     layout_rooms
Orc:1:    layout_caves, basic_altar, serial_shops, nicolae_shop_behind_doors
Orc:2:    st_orc_congregation, layout_caves, basic_altar, uniq_donald

Skill      XL: |  1  2  3  4  5  6  7  8  9 10 11 12 |
---------------+-------------------------------------+-----
Fighting       | 1 2 3 4 5 7 |  7.8
Dodging        | 2 3 4 5 6 |  6.3
Shapeshifting  | 4 5 6 12 13 14 | 14.0
Unarmed Combat | 4 5 6 7 |  7.8
Throwing       | 1 2 3 4 5 |  5.2
Invocations    | 1 2 3 4 5 |  5.0
Armour         | 1 |  1.1

Action                     |  1- 3 |  4- 6 |  7- 9 | 10-12 || total
---------------------------+-------+-------+-------+-------++-------
  Melee: Unarmed           |    43 |   180 |   143 |   418 ||   784
         Punch             |       |     3 |     5 |    20 ||    28
         Kick              |       |       |    11 |   153 ||   164
  Throw: Dart              |       |       |    11 |    31 ||    42
         Throwing net      |       |       |     2 |       ||     2
         Boomerang         |       |       |       |    29 ||    29
         Large rock        |       |       |       |     5 ||     5
 Invoke: Divine Shield     |       |       |     1 |     6 ||     7
Ability: Begin Untransform |       |       |       |     3 ||     3
  Evoke: Wand              |       |       |    24 |     7 ||    31
    Use: Scroll            |     1 |     1 |     7 |     7 ||    16
         Potion            |       |     3 |     6 |       ||     9
 Armour: Animal skin       |    32 |    92 |    99 |   282 ||   505
         Skin              |       |    16 |    19 |    13 ||    48
         Troll leather arm |       |       |       |    43 ||    43
  Dodge: Dodged            |    24 |    85 |    55 |   189 ||   353
         Repelled          |       |       |       |     1 ||     1
  Block: Other             |       |       |    10 |   106 ||   116
         Reflection        |       |       |       |    11 ||    11
   Form: Beast             |       |       |       |     2 ||     2
         Flux              |       |       |       |     1 ||     1

Table legend: (Time is in decaauts)
 A = Elapsed time spent in this place.
 B = Non-inter-level travel time spent in this place.
 C = Inter-level travel time spent in this place.
 D = Time resting spent in this place.
 E = Time spent auto-exploring this place.
 F = Levels seen in this place.
 G = Mean time per level.
                   A        B        C        D        E       F      G
               +--------+--------+--------+--------+--------+-----+--------+
         Total |  13722 |  13108 |    614 |   2217 |   6636 |  16 |  857.6 |
       Dungeon |  11715 |  11137 |    578 |   1622 |   6400 |  12 |  976.2 |
  Orcish Mines |    935 |    899 |     36 |    250 |     43 |   2 |  467.5 |
       Ossuary |    335 |    335 |      0 |     78 |    100 |   1 |  335.0 |
        Bailey |    736 |    736 |      0 |    267 |     93 |   1 |  736.0 |
               +--------+--------+--------+--------+--------+-----+--------+

Top non-repeatable levels by time:
     D:8: 2076 daAuts
     D:7: 1118 daAuts
     D:9: 1114 daAuts
     D:6: 1079 daAuts
    D:11: 1078 daAuts
     D:4: 985 daAuts
     D:5: 981 daAuts
     D:3: 893 daAuts
   Orc:1: 823 daAuts
     D:2: 815 daAuts
  Bailey: 736 daAuts
    D:10: 571 daAuts
     D:1: 544 daAuts
    D:12: 455 daAuts
 Ossuary: 335 daAuts
